[Event "47th GRE-chT 2019"]
[Site "Patra"]
[Date "2019.07.03"]
[Round "3.3"]
[White "Kourousis, Epaminondas"]
[Black "Ioannidis, Evgenios"]
[Result "1-0"]
[ECO "A04"]
[WhiteElo "2394"]
[BlackElo "2378"]
[Annotator "NA"]
[PlyCount "97"]
[EventDate "2019.07.02"]
[EventCountry "GRE"]
[SourceTitle "playchess.com"]
[Source "ChessBase"]
[SourceQuality "1"]
[TimeControl "5400+30"]

1. Nf3 c5 2. c4 Nc6 3. g3 g6 4. Bg2 Bg7 5. O-O d6 6. Nc3 Bf5 7. a3 Qd7 8. Re1 Nf6 9. d3 O-O 10. Rb1 Bh3 11. Bh1 h6 12. b4 Rac8 13. b5 Nd8 14. Nd5 Nh5 15. Qa4 e6 16. Nf4 Nxf4 17. Bxf4 e5 18. Bc1 b6 19. Nd2 f5 20. Qa6 Kh7 21. a4 Rb8 22. a5 Ne6 23. axb6 axb6 24. e3 f4 25. Ne4 Bf5 26. Qa2 Bxe4 27. Bxe4 Ng5 28. exf4 exf4 29. Bxf4 Nh3+ 30. Kh1 Bd4 31. Re2 Nxf4 32. gxf4 Rxf4 33. Rg1 Rg8 34. Rg3 Be5 35. Rg2 Rf6 36. Qa6 Qc7 37. Ra2 Rg7 38. Qa8 Bc3 39. Qc6 Ba5 40. Ra1 Qxc6 41. bxc6 Kh8 42. Rag1 g5 43. h4 Rf4 44. hxg5 Rh4+ 45. Rh2 Rxh2+ 46. Kxh2 hxg5 47. Kg3 Kg8 48. Rh1 Re7 49. Rh7 1-0

[Event "47th GRE-chT 2019"]
[Site "Patra"]
[Date "2019.07.03"]
[Round "3.4"]
[White "Papadopoulos, Panayotis"]
[Black "Pantazopoulos, Stavros"]
[Result "1-0"]
[ECO "D02"]
[WhiteElo "2165"]
[BlackElo "2159"]
[Annotator "NA"]
[PlyCount "79"]
[EventDate "2019.07.02"]
[EventCountry "GRE"]
[SourceTitle "playchess.com"]
[Source "ChessBase"]
[SourceQuality "1"]
[TimeControl "5400+30"]

1. d4 d5 2. Nf3 Nf6 3. Bf4 e6 4. e3 c5 5. c3 Nc6 6. Nbd2 Bd6 7. Bg3 O-O 8. Bd3 b6 9. Ne5 Bb7 10. O-O Qc7 11. f4 Ne7 12. Qf3 Nf5 13. Bf2 Be7 14. Rae1 Nd6 15. Qh3 Nfe4 16. Nxe4 Nxe4 17. Bh4 Bxh4 18. Qxh4 f6 19. Ng4 f5 20. Ne5 Rf6 21. Bxe4 dxe4 22. h3 Rh6 23. Qg3 Rd8 24. Kh2 a5 25. Qf2 b5 26. Rc1 Rf6 27. Rfd1 c4 28. g4 Rh6 29. g5 Rh5 30. Qe2 g6 31. Kg2 Kg7 32. a4 Bd5 33. axb5 Rb8 34. b3 cxb3 35. c4 Ba8 36. Qb2 h6 37. d5 Kh7 38. dxe6 Rd8 39. Nf7 Rf8 40. Rd7 1-0

[Event "47th GRE-chT 2019"]
[Site "Patra"]
[Date "2019.07.03"]
[Round "3.4"]
[White "Kalogridakis, Georgios"]
[Black "Souleidis, Georgios"]
[Result "0-1"]
[ECO "B07"]
[WhiteElo "2134"]
[BlackElo "2426"]
[Annotator "NA"]
[PlyCount "60"]
[EventDate "2019.07.02"]
[EventCountry "GRE"]
[SourceTitle "playchess.com"]
[Source "ChessBase"]
[SourceQuality "1"]
[TimeControl "5400+30"]

1. e4 g6 2. d4 Bg7 3. Nc3 d6 4. g3 Nd7 5. Bg2 Ngf6 6. Nge2 c5 7. h3 Rb8 8. a4 b6 9. O-O O-O 10. Be3 a6 11. g4 cxd4 12. Bxd4 Bb7 13. Ng3 h6 14. Nd5 e5 15. Be3 Nxd5 16. exd5 Qh4 17. Kh2 Rbc8 18. Qe2 Rce8 19. Be4 Nc5 20. f3 a5 21. Rg1 Ba6 22. Qg2 Kh8 23. c3 Bc8 24. Qc2 h5 25. Nf1 hxg4 26. fxg4 f5 27. Bxc5 bxc5 28. Bf3 e4 29. Be2 fxg4 30. Rg3 Be5 0-1

[Event "47th GRE-chT 2019"]
[Site "Patra"]
[Date "2019.07.03"]
[Round "3.5"]
[White "Daulyte-Cornette, Deimante"]
[Black "Stefanidi, Maria-Anna"]
[Result "1-0"]
[ECO "B53"]
[WhiteElo "2444"]
[BlackElo "2001"]
[Annotator "NA"]
[PlyCount "87"]
[EventDate "2019.07.02"]
[EventCountry "GRE"]
[SourceTitle "playchess.com"]
[Source "ChessBase"]
[SourceQuality "1"]
[TimeControl "5400+30"]

1. e4 c5 2. Nf3 d6 3. d4 cxd4 4. Qxd4 a6 5. h3 Nf6 6. c4 g6 7. Be2 Bg7 8. O-O O-O 9. Qe3 Bd7 10. Nc3 Bc6 11. Rb1 Nbd7 12. b4 b6 13. Bb2 Rc8 14. Rfd1 Re8 15. Ba1 Bb7 16. Rbc1 Qc7 17. Nd5 Qb8 18. Bd3 Qa8 19. Re1 Nxd5 20. exd5 e5 21. Ng5 b5 22. Ne4 bxc4 23. Rxc4 Bf8 24. Nc3 Bxd5 25. Nxd5 Qxd5 26. Rxc8 Rxc8 27. Bxa6 Ra8 28. Qe2 Nb6 29. Rd1 Qc6 30. Bb5 Qb7 31. Rc1 Rd8 32. a4 Bh6 33. Rd1 f6 34. a5 Na8 35. Qc4+ Kg7 36. Bc6 Qb8 37. b5 Rc8 38. Qe6 Rd8 39. b6 Nxb6 40. axb6 Qxb6 41. Qe7+ Kh8 42. Qxf6+ Bg7 43. Qe7 Rf8 44. Bf3 1-0

[Event "47th GRE-chT 2019"]
[Site "Patra"]
[Date "2019.07.03"]
[Round "3.5"]
[White "Stoumbou, Eleni"]
[Black "Grapsa, Georgia"]
[Result "0-1"]
[ECO "B90"]
[WhiteElo "1820"]
[BlackElo "2038"]
[Annotator "NA"]
[PlyCount "75"]
[EventDate "2019.07.02"]
[EventCountry "GRE"]
[SourceTitle "playchess.com"]
[Source "ChessBase"]
[SourceQuality "1"]
[TimeControl "5400+30"]

1. e4 c5 2. Nf3 d6 3. d4 cxd4 4. Nxd4 Nf6 5. Nc3 a6 6. h3 e5 7. Nde2 h5 8. g3 Nbd7 9. Bg2 b5 10. Nd5 Nxd5 11. exd5 Be7 12. O-O h4 13. g4 O-O 14. a4 Bb7 15. axb5 axb5 16. Rxa8 Qxa8 17. Qd3 Nc5 18. Qd1 b4 19. Be3 Rc8 20. Qd2 Qa2 21. c3 Nb3 22. Qc2 Na5 23. Rd1 Nc4 24. Bc1 Nb6 25. Qf5 g6 26. Qd3 Ba6 27. Qe3 Bxe2 28. Qxe2 bxc3 29. Kf1 c2 30. Rd3 Qb1 31. Qd2 Nc4 32. Qh6 Bf8 33. Qg5 Bg7 34. Ke2 f6 35. Qxg6 Qxc1 36. Be4 Qh6 37. Qf5 c1=N+ 38. Kf1 0-1

[Event "47th GRE-chT 2019"]
[Site "Patra"]
[Date "2019.07.03"]
[Round "3.6"]
[White "Petraki, Evaggelia"]
[Black "Grammatikaki, Aggeliki"]
[Result "0-1"]
[ECO "B44"]
[WhiteElo "1785"]
[BlackElo "1672"]
[Annotator "NA"]
[PlyCount "56"]
[EventDate "2019.07.02"]
[EventCountry "GRE"]
[SourceTitle "playchess.com"]
[Source "ChessBase"]
[SourceQuality "1"]
[TimeControl "5400+30"]

1. e4 c5 2. Nf3 e6 3. d4 cxd4 4. Nxd4 Nc6 5. Nb5 d6 6. c4 Nf6 7. N1c3 Be7 8. Bf4 e5 9. Bg5 a6 10. Bxf6 gxf6 11. Na3 f5 12. Bd3 f4 13. Qd2 Rg8 14. Rd1 Rxg2 15. Bf1 Rg6 16. Nc2 Bg4 17. Be2 Bxe2 18. Qxe2 Rc8 19. Qd3 Qd7 20. Nd5 Qg4 21. Nxe7 Kxe7 22. Rf1 Qg2 23. c5 Rd8 24. Qb3 Qxe4+ 25. Kd2 dxc5+ 26. Kc1 Rxd1+ 27. Rxd1 Nd4 28. Qc3 Ne2+ 0-1

[Event "47th GRE-chT 2019"]
[Site "Patra"]
[Date "2019.07.03"]
[Round "3.6"]
[White "Zarkada, Athina"]
[Black "Kalyva, Kyriaki"]
[Result "1-0"]
[ECO "B33"]
[WhiteElo "1096"]
[BlackElo "1869"]
[Annotator "NA"]
[PlyCount "81"]
[EventDate "2019.07.02"]
[EventCountry "GRE"]
[SourceTitle "playchess.com"]
[Source "ChessBase"]
[SourceQuality "1"]
[TimeControl "5400+30"]

1. e4 c5 2. Nf3 Nc6 3. d4 cxd4 4. Nxd4 Nf6 5. Nc3 e5 6. Ndb5 d6 7. Bg5 a6 8. Na3 b5 9. Nd5 Be7 10. Bxf6 Bxf6 11. c3 O-O 12. Nc2 Bg5 13. a4 bxa4 14. Rxa4 a5 15. Bc4 Rb8 16. b3 Be6 17. Nce3 Bxe3 18. Nxe3 Ne7 19. O-O Qc7 20. Qd3 Qc5 21. Rb1 Rfd8 22. b4 axb4 23. cxb4 Qd4 24. b5 Qc5 25. Qa3 Qxa3 26. Rxa3 Nc6 27. Nd5 Rd7 28. b6 Nd8 29. Bd3 Rdb7 30. Rab3 Nc6 31. Ba6 Nd4 32. R3b2 Bxd5 33. exd5 Rd7 34. Rc1 Rdd8 35. Rc7 Ra8 36. Ra2 Nb5 37. Rc4 Nd4 38. b7 Rab8 39. Rc8 Kf8 40. Rxd8+ Rxd8 41. Bd3 1-0

[Event "47th GRE-chT 2019"]
[Site "Patra"]
[Date "2019.07.03"]
[Round "3.7"]
[White "Kratimenou, Georgia"]
[Black "Tsivelekidou, Anthoula Elpida"]
[Result "1/2-1/2"]
[ECO "C11"]
[WhiteElo "1507"]
[BlackElo "1298"]
[Annotator "NA"]
[PlyCount "88"]
[EventDate "2019.07.02"]
[EventCountry "GRE"]
[SourceTitle "playchess.com"]
[Source "ChessBase"]
[SourceQuality "1"]
[TimeControl "5400+30"]

1. e4 e6 2. d4 d5 3. Nc3 Nf6 4. e5 Nfd7 5. f4 c5 6. Nf3 Nc6 7. Be3 cxd4 8. Nxd4 Bc5 9. Qd2 Nxd4 10. Bxd4 b6 11. Nb5 O-O 12. Bxc5 Nxc5 13. Nd6 Nb7 14. Nxc8 Rxc8 15. Bd3 Nc5 16. O-O Qd7 17. Rf3 Nxd3 18. Qxd3 Rc4 19. b3 Rc5 20. Rh3 g6 21. c3 Rfc8 22. Rc1 b5 23. Qd4 Qc7 24. Rf3 Qb6 25. Kf2 b4 26. c4 dxc4 27. bxc4 Rd8 28. Qe3 Qc6 29. Kg3 a5 30. a3 Rc8 31. axb4 axb4 32. Qb3 Rxc4 33. Rxc4 Qxc4 34. Kf2 Qd4+ 35. Qe3 Qb2+ 36. Kg3 Rc3 37. Qb6 Rxf3+ 38. gxf3 Qd2 39. Qb8+ Kg7 40. Qb6 Qe1+ 41. Kh3 Qd2 42. Kg3 Kf8 43. Qb8+ Kg7 44. Qb6 Qe1+ 1/2-1/2

[Event "47th GRE-chT 2019"]
[Site "Patra"]
[Date "2019.07.03"]
[Round "3.7"]
[White "Kyriakidou, Chrysa"]
[Black "Perakaki, Makrina-Eirini"]
[Result "1-0"]
[ECO "D30"]
[WhiteElo "1338"]
[BlackElo "1161"]
[Annotator "NA"]
[PlyCount "89"]
[EventDate "2019.07.02"]
[EventCountry "GRE"]
[SourceTitle "playchess.com"]
[Source "ChessBase"]
[SourceQuality "1"]
[TimeControl "5400+30"]

1. d4 d5 2. Bf4 Nf6 3. e3 Nc6 4. Nf3 e6 5. c4 Be7 6. Nc3 O-O 7. h3 Bd6 8. Bxd6 Qxd6 9. cxd5 exd5 10. Bd3 Re8 11. O-O Qd8 12. Rc1 Bd7 13. a3 a6 14. b4 b5 15. Qb3 Ne7 16. Rc2 Bf5 17. Bxf5 Nxf5 18. Rfc1 Rc8 19. Ne5 Qd6 20. Ne2 Ne4 21. Rc6 Qd8 22. Qc2 Qh4 23. Nc3 Nxc3 24. Qxc3 Re7 25. Qc5 Qe4 26. Qc2 Qxc2 27. R1xc2 f6 28. Nf3 Nd6 29. Rxd6 Ree8 30. Rxd5 c6 31. Rd6 Ra8 32. Rdxc6 a5 33. d5 axb4 34. axb4 Rad8 35. R2c5 Re7 36. d6 Red7 37. Rd5 Kf7 38. Nd4 Rb8 39. Rc7 Rxc7 40. dxc7 Rc8 41. Nxb5 Ke7 42. Kf1 g6 43. Ke2 h5 44. Kd3 g5 45. Kd4 1-0

[Event "47th GRE-chT 2019"]
[Site "Patra"]
[Date "2019.07.03"]
[Round "3.8"]
[White "Tsaknakis, Zisis"]
[Black "Michaelides, Konstantinos"]
[Result "1/2-1/2"]
[ECO "A07"]
[WhiteElo "2263"]
[BlackElo "2128"]
[Annotator "NA"]
[PlyCount "85"]
[EventDate "2019.07.02"]
[EventCountry "GRE"]
[SourceTitle "playchess.com"]
[Source "ChessBase"]
[SourceQuality "1"]
[TimeControl "5400+30"]

1. Nf3 Nf6 2. g3 d5 3. Bg2 c6 4. O-O Bg4 5. Ne5 Bf5 6. d4 e6 7. c4 Nbd7 8. Nc3 Be7 9. Nxd7 Qxd7 10. b3 O-O 11. Bb2 Rfd8 12. e3 b5 13. Qe2 bxc4 14. bxc4 Rab8 15. Rad1 Rb4 16. c5 Rdb8 17. Rd2 Qc7 18. Rc1 Qa5 19. f3 Bg6 20. Nd1 R4b7 21. Bf1 Nd7 22. Rc3 e5 23. Ra3 Qc7 24. Ra6 e4 25. f4 f5 26. Rc2 Nf6 27. Qd2 Bh5 28. Bc3 Rb1 29. Rc1 Bf3 30. Ba5 Qd7 31. Nc3 Rxc1 32. Qxc1 Qb7 33. a3 Ng4 34. h3 Nf6 35. Na2 Nd7 36. Bd2 Rf8 37. Nb4 Nb8 38. Ra4 Rf6 39. Nc2 Rg6 40. Rb4 Qc8 41. Qb2 Nd7 42. Kh2 h5 43. h4 1/2-1/2

[Event "47th GRE-chT 2019"]
[Site "Patra"]
[Date "2019.07.03"]
[Round "3.8"]
[White "Koutis, Pavlos"]
[Black "Androutsopoulos-Agiotatos, Vasil"]
[Result "0-1"]
[ECO "C45"]
[WhiteElo "1569"]
[BlackElo "2063"]
[Annotator "NA"]
[PlyCount "54"]
[EventDate "2019.07.02"]
[EventCountry "GRE"]
[SourceTitle "playchess.com"]
[Source "ChessBase"]
[SourceQuality "1"]
[TimeControl "5400+30"]

1. e4 e5 2. Nf3 Nc6 3. d4 exd4 4. Nxd4 Qf6 5. Nb3 Qg6 6. f3 Bd6 7. g3 Nge7 8. Be3 f5 9. Bd3 O-O 10. Nc3 Bb4 11. Bd2 Ne5 12. Qe2 Kh8 13. O-O-O d6 14. exf5 Nxd3+ 15. cxd3 Nxf5 16. g4 Nh6 17. h4 Be6 18. h5 Qf7 19. g5 Bxb3 20. axb3 Nf5 21. g6 Qe8 22. Qf2 Bc5 23. Qg2 h6 24. Rde1 Qc6 25. Qg4 Qa6 26. Kc2 Nd4+ 27. Kb1 Qxd3+ 0-1

[Event "47th GRE-chT 2019"]
[Site "Patra"]
[Date "2019.07.03"]
[Round "3.9"]
[White "Spyratos, Nikolaos"]
[Black "Gavriil, Odysseas-Panagiotis"]
[Result "0-1"]
[ECO "B27"]
[WhiteElo "1970"]
[BlackElo "2038"]
[Annotator "NA"]
[PlyCount "92"]
[EventDate "2019.07.02"]
[EventCountry "GRE"]
[SourceTitle "playchess.com"]
[Source "ChessBase"]
[SourceQuality "1"]
[TimeControl "5400+30"]

1. e4 c5 2. Nf3 g6 3. Bc4 Bg7 4. c3 d6 5. d4 cxd4 6. cxd4 Nf6 7. Nc3 O-O 8. Bb3 a6 9. O-O b5 10. e5 Ne8 11. Bg5 h6 12. Bh4 Nc7 13. exd6 Qxd6 14. Rc1 Ne6 15. Nd5 g5 16. Bg3 Nf4 17. Qd2 Bb7 18. Nxf4 gxf4 19. Bxf4 Qg6 20. Rc3 Kh8 21. Bc2 f5 22. Bg3 Nc6 23. Qf4 Nxd4 24. Nxd4 e5 25. Qxe5 f4 26. Bxg6 Bxe5 27. Rd3 fxg3 28. hxg3 Rf6 29. Bh5 Rd6 30. Rfd1 Rad8 31. Nf3 Rxd3 32. Rxd3 Rxd3 33. Nxe5 Rd2 34. b4 Rxa2 35. Nd3 Bd5 36. Be8 Ra1+ 37. Kh2 Rb1 38. Bd7 Bc4 39. Nc5 Rxb4 40. Nxa6 Rb2 41. f4 Bd5 42. Bh3 b4 43. f5 b3 44. Nc7 Rd2 45. f6 b2 46. Bf5 Bf7 0-1

[Event "47th GRE-chT 2019"]
[Site "Patra"]
[Date "2019.07.03"]
[Round "3.9"]
[White "Koutlas, Nikolaos"]
[Black "Drakonakis, Athanasios"]
[Result "1-0"]
[ECO "B85"]
[WhiteElo "1969"]
[BlackElo "1624"]
[Annotator "NA"]
[PlyCount "69"]
[EventDate "2019.07.02"]
[EventCountry "GRE"]
[SourceTitle "playchess.com"]
[Source "ChessBase"]
[SourceQuality "1"]
[TimeControl "5400+30"]

1. e4 c5 2. Nf3 e6 3. d4 cxd4 4. Nxd4 Nf6 5. Nc3 d6 6. Be2 Be7 7. Be3 a6 8. O-O O-O 9. f4 Qc7 10. Bf3 Nc6 11. Kh1 Bd7 12. Nb3 Rab8 13. Qe1 b6 14. Rd1 Bc8 15. Qg3 Re8 16. e5 Nd7 17. Bxc6 Qxc6 18. Nd4 Qc7 19. exd6 Bxd6 20. Ndb5 axb5 21. Nxb5 Qxc2 22. Nxd6 Rd8 23. f5 Bb7 24. Nxb7 Rxb7 25. Bd4 f6 26. Bxf6 Nxf6 27. Rxd8+ Kf7 28. fxe6+ Kxe6 29. Qd6+ Kf7 30. Rf8+ Kg6 31. R8xf6+ gxf6 32. Qxf6+ Kh5 33. g4+ Kxg4 34. Rf4+ Kh5 35. Rh4# 1-0

[Event "47th GRE-chT 2019"]
[Site "Patra"]
[Date "2019.07.03"]
[Round "3.10"]
[White "Karamichos, Michail"]
[Black "Giannoulis, Grigorios"]
[Result "1-0"]
[ECO "C60"]
[WhiteElo "1559"]
[BlackElo "1447"]
[Annotator "NA"]
[PlyCount "53"]
[EventDate "2019.07.02"]
[EventCountry "GRE"]
[SourceTitle "playchess.com"]
[Source "ChessBase"]
[SourceQuality "1"]
[TimeControl "5400+30"]

1. e4 e5 2. Nf3 Nc6 3. Bb5 Nge7 4. O-O g6 5. c3 Bg7 6. d4 exd4 7. cxd4 d5 8. e5 O-O 9. h3 Bf5 10. Nc3 f6 11. Re1 fxe5 12. dxe5 Nb4 13. Nd4 a6 14. Bf1 c5 15. Nxf5 Rxf5 16. a3 Nbc6 17. f4 Nd4 18. g3 Qc7 19. Bg2 Rd8 20. Be3 Qb6 21. Na4 Qb5 22. Nxc5 Qxc5 23. Bxd4 Qb5 24. Rc1 Rff8 25. Bc5 Rfe8 26. b4 b6 27. a4 1-0

[Event "47th GRE-chT 2019"]
[Site "Patra"]
[Date "2019.07.03"]
[Round "3.10"]
[White "Samaras, Vasileios"]
[Black "Dogias, Christos"]
[Result "1/2-1/2"]
[ECO "B85"]
[WhiteElo "1263"]
[BlackElo "1409"]
[Annotator "NA"]
[PlyCount "110"]
[EventDate "2019.07.02"]
[EventCountry "GRE"]
[SourceTitle "playchess.com"]
[Source "ChessBase"]
[SourceQuality "1"]
[TimeControl "5400+30"]

1. e4 c5 2. Nf3 e6 3. d4 cxd4 4. Nxd4 Nc6 5. Nc3 Qc7 6. Be3 a6 7. Be2 Nf6 8. O-O Be7 9. f4 d6 10. Bf3 O-O 11. Kh1 Na5 12. g4 Nc4 13. Bc1 e5 14. fxe5 dxe5 15. Nf5 Rd8 16. Qe2 Be6 17. b3 Na5 18. Bb2 Nc6 19. Rad1 Nd4 20. Nxd4 exd4 21. Nd5 Nxd5 22. exd5 Bxd5 23. Bxd5 Rxd5 24. Rxd4 Qc6 25. Rxd5 Qxd5+ 26. Qf3 Qxf3+ 27. Rxf3 h6 28. Rd3 Rd8 29. Kg2 Rd6 30. Kf3 Re6 31. Rd7 Bf6 32. Bxf6 Rxf6+ 33. Kg3 b6 34. Ra7 a5 35. Rd7 g6 36. Rd5 Kg7 37. c4 Rc6 38. Kf2 Kf6 39. Ke3 Ke6 40. Kd4 f5 41. gxf5+ gxf5 42. Ke3 a4 43. Kf4 axb3 44. axb3 Rc5 45. Rd8 b5 46. Rh8 bxc4 47. Rxh6+ Kf7 48. bxc4 Rxc4+ 49. Kxf5 Rc5+ 50. Ke4 Kg7 51. Rh3 Ra5 52. Rg3+ Kh6 53. Rg1 Kh5 54. Kf3 Ra3+ 55. Kf4 Ra4+ {[%emt 0:06:16] Ke4} 1/2-1/2

[Event "47th GRE-chT 2019"]
[Site "Patra"]
[Date "2019.07.03"]
[Round "3.11"]
[White "Czarnota, Pawel"]
[Black "Ivic, Velimir"]
[Result "0-1"]
[ECO "B33"]
[WhiteElo "2534"]
[BlackElo "2510"]
[Annotator "ChessBase"]
[PlyCount "76"]
[EventDate "2019.07.02"]
[EventCountry "GRE"]
[SourceTitle "playchess.com"]
[Source "ChessBase"]
[SourceQuality "1"]
[TimeControl "5400+30"]

1. e4 c5 2. Nf3 Nc6 3. d4 cxd4 4. Nxd4 Nf6 5. Nc3 e5 6. Ndb5 d6 7. Bg5 a6 8. Na3 b5 9. Bxf6 gxf6 10. Nd5 f5 11. Bd3 Be6 12. O-O Bxd5 13. exd5 Ne7 14. Re1 Bg7 15. Rb1 O-O 16. c4 e4 17. Bf1 Ng6 18. cxb5 axb5 19. Bxb5 Qg5 20. Re3 Be5 21. Bc6 Rab8 22. Nc4 Kh8 23. Nxe5 Nxe5 24. Rg3 Qf6 25. Qh5 Rg8 26. b3 f4 27. Rh3 Rg7 28. Rf1 Rbg8 29. g3 Nf3+ 30. Kh1 Nd2 31. Rd1 e3 32. fxe3 fxg3 33. hxg3 Ne4 34. Rg1 Nf2+ 35. Kh2 Nxh3 36. Qxh3 Rg6 37. Qf1 Rh6+ 38. Kg2 Qb2+ 0-1

[Event "47th GRE-chT 2019"]
[Site "Patra"]
[Date "2019.07.03"]
[Round "3.12"]
[White "Argiroudis, Stamatis"]
[Black "Sandalakis, Nikolaos"]
[Result "1-0"]
[ECO "A06"]
[WhiteElo "2284"]
[BlackElo "2199"]
[Annotator "NA"]
[PlyCount "67"]
[EventDate "2019.07.02"]
[EventCountry "GRE"]
[SourceTitle "playchess.com"]
[Source "ChessBase"]
[SourceQuality "1"]
[TimeControl "5400+30"]

1. Nf3 d5 2. e3 Nf6 3. c4 c6 4. Nc3 g6 5. d4 Bg7 6. h3 O-O 7. Be2 Bf5 8. O-O Ne4 9. cxd5 cxd5 10. Qb3 Nxc3 11. bxc3 Qd7 12. a4 Nc6 13. Rd1 Na5 14. Qb4 Qc7 15. Ba3 Rfe8 16. Bb5 Nc6 17. Qb3 a6 18. Be2 Red8 19. Bc5 Rd7 20. g4 Be4 21. Nd2 Rc8 22. Qb6 Qxb6 23. Bxb6 g5 24. Nxe4 dxe4 25. Rab1 e6 26. Rb3 Bf8 27. Rdb1 Kg7 28. f3 exf3 29. Bxf3 Bd6 30. c4 Bc7 31. c5 Bb8 32. Be4 h6 33. d5 f5 34. dxc6 1-0

[Event "47th GRE-chT 2019"]
[Site "Patra"]
[Date "2019.07.03"]
[Round "3.13"]
[White "Naoum, Spyridon"]
[Black "Halkias, Stelios"]
[Result "1-0"]
[ECO "D36"]
[WhiteElo "2299"]
[BlackElo "2553"]
[Annotator "ChessBase"]
[PlyCount "125"]
[EventDate "2019.07.02"]
[EventCountry "GRE"]
[SourceTitle "playchess.com"]
[Source "ChessBase"]
[SourceQuality "1"]
[TimeControl "5400+30"]

1. d4 d5 2. c4 e6 3. Nc3 Be7 4. Nf3 Nf6 5. cxd5 exd5 6. Qc2 c6 7. Bg5 g6 8. e3 Bf5 9. Bd3 Bxd3 10. Qxd3 Nbd7 11. O-O-O b5 12. Bxf6 Bxf6 13. Kb1 O-O 14. h4 Nb6 15. h5 Nc4 16. e4 Re8 17. hxg6 hxg6 18. e5 Bg7 19. Ne2 c5 20. Nh4 Qa5 21. f4 Re6 22. dxc5 Ra6 23. Nc1 Qb4 24. Qc3 Na3+ 25. Ka1 Qxf4 26. Nf3 Nc4 27. Nd3 Qf5 28. Nb4 Re6 29. Nxd5 Rc8 30. Nd4 Qxe5 31. Nxe6 Qxe6 32. Rhe1 Bxc3 33. Rxe6 Nxb2 34. Rc1 fxe6 35. Ne7+ Kf8 36. Nxc8 b4 37. Kb1 Nc4 38. Kc2 a5 39. Nd6 Nxd6 40. cxd6 a4 41. d7 Ke7 42. Rd1 Kd8 43. Rd6 e5 44. Rxg6 Kxd7 45. Ra6 a3 46. Kd3 Ke7 47. g4 Kf7 48. Ke4 Kg7 49. Kf5 Bd4 50. Ra4 Bc3 51. Ra7+ Kg8 52. Rb7 Kf8 53. g5 Kg8 54. g6 e4 55. Kxe4 Kf8 56. Kd3 Kg8 57. Kc4 Kf8 58. Rxb4 Bxb4 59. Kxb4 Kg7 60. Kxa3 Kxg6 61. Kb4 Kf7 62. Kc5 Ke7 63. Kc6 1-0

[Event "47th GRE-chT 2019"]
[Site "Patra"]
[Date "2019.07.03"]
[Round "3.14"]
[White "Vragoteris, Antonios"]
[Black "Frontzos, Ioannis"]
[Result "1-0"]
[ECO "A14"]
[WhiteElo "2168"]
[BlackElo "1620"]
[Annotator "NA"]
[PlyCount "73"]
[EventDate "2019.07.02"]
[EventCountry "GRE"]
[SourceTitle "playchess.com"]
[Source "ChessBase"]
[SourceQuality "1"]
[TimeControl "5400+30"]

1. Nf3 d5 2. c4 e6 3. g3 Nf6 4. Bg2 Be7 5. O-O O-O 6. d4 b6 7. Nc3 Bb7 8. Ne5 Nbd7 9. Qa4 Nxe5 10. dxe5 Ne4 11. Nxe4 dxe4 12. Be3 Qe8 13. Qc2 Qc6 14. Rac1 Rad8 15. Rfd1 Rxd1+ 16. Rxd1 Rd8 17. Rxd8+ Bxd8 18. b4 a6 19. a4 b5 20. axb5 axb5 21. Bc5 bxc4 22. Qxc4 Ba6 23. Qa2 Bb5 24. Qc2 Qd5 25. Bxe4 Qxe5 26. Bxh7+ Kh8 27. Be4 f5 28. Bf3 Bf6 29. Kg2 g5 30. h3 Kg7 31. g4 Qc3 32. Qa2 Be5 33. Qxe6 fxg4 34. Qe7+ Kh6 35. hxg4 Bc4 36. Be4 Bf6 37. Qh7# 1-0

[Event "47th GRE-chT 2019"]
[Site "Patra"]
[Date "2019.07.03"]
[Round "3.15"]
[White "Havanecz, Bianka"]
[Black "Maisuradze, Nino"]
[Result "1-0"]
[ECO "A61"]
[WhiteElo "2271"]
[BlackElo "2197"]
[Annotator "NA"]
[PlyCount "71"]
[EventDate "2019.07.02"]
[EventCountry "GRE"]
[SourceTitle "playchess.com"]
[Source "ChessBase"]
[SourceQuality "1"]
[TimeControl "5400+30"]

1. d4 Nf6 2. c4 c5 3. d5 e6 4. Nc3 exd5 5. cxd5 d6 6. Nf3 g6 7. Nd2 Nbd7 8. e4 Bg7 9. Be2 O-O 10. O-O Re8 11. a4 Ne5 12. Ra3 g5 13. Bb5 Rf8 14. Re1 a6 15. Be2 h6 16. Nf1 Rb8 17. Ng3 Bd7 18. a5 Re8 19. Qc2 Ng6 20. Nd1 Nh4 21. Ne3 Qe7 22. f3 g4 23. Bd2 gxf3 24. gxf3 Bh3 25. Bc3 h5 26. Kf2 Bh6 27. Bxf6 Qxf6 28. Nxh5 Qe5 29. Rg1+ Kf8 30. Rg3 Bd7 31. Nc4 Qd4+ 32. Kf1 Nf5 33. exf5 Rxe2 34. Qxe2 Bb5 35. Rg4 Qxd5 36. Nf6 1-0

[Event "47th GRE-chT 2019"]
[Site "Patra"]
[Date "2019.07.03"]
[Round "3.15"]
[White "Antova, Gabriela"]
[Black "Botsari, Anna-Maria"]
[Result "1/2-1/2"]
[ECO "E18"]
[WhiteElo "2257"]
[BlackElo "2233"]
[Annotator "NA"]
[PlyCount "57"]
[EventDate "2019.07.02"]
[EventCountry "GRE"]
[SourceTitle "playchess.com"]
[Source "ChessBase"]
[SourceQuality "1"]
[TimeControl "5400+30"]

1. d4 Nf6 2. c4 e6 3. Nf3 b6 4. g3 Bb7 5. Bg2 Be7 6. O-O O-O 7. Nc3 Ne4 8. Bd2 f5 9. Qc2 Qc8 10. Rad1 Bf6 11. d5 Nd6 12. b3 Na6 13. a3 Nc5 14. Bf4 Nce4 15. Be5 Nxc3 16. Bxc3 Bxc3 17. Qxc3 Ne4 18. Qd4 d6 19. dxe6 Qxe6 20. Ng5 Qe7 21. Nxe4 Bxe4 22. Bxe4 Qxe4 23. Qxe4 fxe4 24. Rd4 Rae8 25. b4 Rf6 26. Rc1 Ref8 27. Rf1 Re8 28. Rc1 Ref8 29. Rf1 1/2-1/2

[Event "47th GRE-chT 2019"]
[Site "Patra"]
[Date "2019.07.03"]
[Round "3.16"]
[White "Avramidou, Anastasia"]
[Black "Vozinaki, Anthi - Maria"]
[Result "1-0"]
[ECO "E14"]
[WhiteElo "2260"]
[BlackElo "2054"]
[Annotator "NA"]
[PlyCount "55"]
[EventDate "2019.07.02"]
[EventCountry "GRE"]
[SourceTitle "playchess.com"]
[Source "ChessBase"]
[SourceQuality "1"]
[TimeControl "5400+30"]

1. d4 Nf6 2. Nf3 e6 3. e3 d5 4. Bd3 c5 5. b3 Nc6 6. O-O Be7 7. Bb2 O-O 8. c4 b6 9. Nbd2 Bb7 10. Qe2 Rc8 11. Rac1 Qc7 12. Rfd1 Rfd8 13. Bb1 Qb8 14. dxc5 bxc5 15. cxd5 Nxd5 16. Ne4 Ncb4 17. Nfg5 g6 18. Qf3 f5 19. Qh3 h5 20. Nxe6 fxe4 21. Nxd8 Rxd8 22. Qe6+ Kf8 23. Qxg6 Qd6 24. Qg7+ Ke8 25. Bxe4 Kd7 26. a3 Qe6 27. Qg6 Qxg6 28. Bxg6 1-0

[Event "47th GRE-chT 2019"]
[Site "Patra"]
[Date "2019.07.03"]
[Round "3.17"]
[White "Karavitaki, Evaggelia"]
[Black "Arapkoule, Eirini"]
[Result "1/2-1/2"]
[ECO "B30"]
[WhiteElo "1681"]
[BlackElo "1370"]
[Annotator "NA"]
[PlyCount "98"]
[EventDate "2019.07.02"]
[EventCountry "GRE"]
[SourceTitle "playchess.com"]
[Source "ChessBase"]
[SourceQuality "1"]
[TimeControl "5400+30"]

1. e4 c5 2. Nf3 Nc6 3. Bb5 e6 4. O-O d5 5. exd5 exd5 6. Re1+ Be7 7. d4 Be6 8. dxc5 Bxc5 9. Nc3 Nge7 10. Ng5 Qd6 11. Qh5 g6 12. Qf3 O-O 13. Bf4 Qd7 14. Qe2 Nd4 15. Bxd7 Nxe2+ 16. Rxe2 Bxd7 17. a3 Bc6 18. Nf3 Nf5 19. Rd1 d4 20. Ne4 Bxe4 21. Rxe4 Rfe8 22. Rxe8+ Rxe8 23. g4 Re4 24. Bg3 Nxg3 25. hxg3 Rxg4 26. Ne5 Re4 27. Nd3 Bb6 28. Kf1 Kg7 29. Nf4 Re5 30. Ne2 Rb5 31. b3 Rd5 32. c3 d3 33. Nf4 Ra5 34. a4 Rf5 35. Nxd3 h5 36. Kg2 g5 37. f3 Be3 38. Nb4 g4 39. fxg4 hxg4 40. Nd3 Rf3 41. Rf1 Bd2 42. Rxf3 gxf3+ 43. Kxf3 Bxc3 44. Kf4 Kf6 45. g4 Bd2+ 46. Kf3 b6 47. Nb2 Bb4 48. Nc4 Kg5 49. Ne5 f5 1/2-1/2